Map: Dusk Towers

Players

LiquidMaNa (MaNa)

  • Race: Protoss Protoss
  • League: Master

SortOf - Winner!

  • Race: Zerg Zerg
  • League: Master

Event: DreamHack ZOWIE Open Leipzig

VOD

Have the link to the VOD?

Description

Time

  • Played on: Jan. 22, 2016, 10:36 a.m.
  • Length: 12:57

All games in this series

Show
View Real Time Build Order
Export as new Build Order

LiquidMaNa Protoss 

Build Orders: Nexus First, Oracle Opening 

Get SALT Encoding   

  12  0:01  Probe (Chrono Boost)  
  13  0:11  Probe (Chrono Boost)  
  14  0:18  Pylon  
  14  0:22  Probe (Chrono Boost)  
  15  0:37  Probe (Chrono Boost)  
  16  0:47  Probe (Chrono Boost)  
  17  0:57  Nexus  
  17  1:07  Gateway  
  17  1:10  Probe (Chrono Boost)  
  18  1:17  Assimilator  
  18  1:21  Probe (Chrono Boost)  
  18  1:23  Assimilator  
  19  1:31  Probe (Chrono Boost)  
  20  1:36  Gateway  
  20  1:42  Probe (Chrono Boost)  
  21  1:52  Probe (Chrono Boost)  
  22  1:55  Cybernetics Core  
  22  2:03  Probe (Chrono Boost)  
  23  2:09  Probe (Chrono Boost)  
  23  2:13  Probe (Chrono Boost)  
  25  2:19  Probe (Chrono Boost)  
  26  2:24  Probe (Chrono Boost)  
  27  2:30  Probe (Chrono Boost)  
  27  2:32  Adept x2 (Chrono Boost)  
  27  2:36  Warp Gate  
  32  2:37  Probe  
  32  2:41  Probe  
  32  2:42  Pylon  
  34  2:51  Mothership Core (Chrono Boost)  
  36  2:55  Probe (Chrono Boost)  
  37  2:59  Stalker  
  39  3:06  Probe (Chrono Boost), Stargate  
  39  3:10  Probe (Chrono Boost)  
  41  3:17  Probe (Chrono Boost)  
  42  3:20  Probe (Chrono Boost)  
  42  3:25  Pylon  
  43  3:28  Probe (Chrono Boost)  
  43  3:31  Probe (Chrono Boost)  
  45  3:37  Nexus  
  45  3:44  Pylon  
  45  3:46  Probe (Chrono Boost)  
  45  3:48  Probe (Chrono Boost)  
  47  3:49  Oracle (Chrono Boost)  
  47  3:54  Pylon  
  50  3:57  Sentry  
  52  4:03  Probe  
  52  4:05  Probe  
  54  4:12  Robotics Facility  
  54  4:14  Gateway  
  54  4:17  Gateway  
  54  4:18  Assimilator  
  54  4:20  Probe  
  54  4:21  Assimilator  
  55  4:31  Gateway  
  55  4:38  Probe  
  50  4:44  Probe  
  50  4:49  Probe x2  
  52  4:56  Probe  
  52  4:59  Probe x2, Pylon  
  55  5:08  Probe  
  55  5:10  Probe x2  
  58  5:17  Stalker, Warp Prism  
  58  5:20  Probe x3  
  63  5:27  Forge  
  65  5:31  Probe x2  
  65  5:32  Probe  
  65  5:35  Sentry x2, Zealot  
  74  5:39  Zealot  
  74  5:40  Zealot  
  78  5:47  Probe x2  
  78  5:48  Probe  
  81  5:52  Observer (Chrono Boost), Pylon  
  81  5:53  Twilight Council  
  81  5:55  Protoss Ground Weapons Level 1 (Chrono Boost)  
  82  6:03  Probe  
  83  6:04  Assimilator  
  83  6:06  Assimilator  
  83  6:16  Stalker, Zealot x4  
  93  6:18  Probe x2  
  93  6:23  Probe  
  96  6:31  Immortal  
  96  6:38  Robotics Facility  
  100  6:44  Charge (Chrono Boost)  
  100  6:49  Probe  
  100  6:52  Pylon  
  100  6:53  Pylon  
  101  6:57  Pylon  
  101  6:59  Pylon  
  101  7:07  Pylon  
  101  7:09  Pylon  
  101  7:10  Phoenix  
  101  7:12  Pylon  
  103  7:17  Immortal (Chrono Boost)  
  103  7:22  Probe  
  107  7:23  Probe x2  
  107  7:26  Immortal (Chrono Boost)  
  107  7:29  Sentry x2, Zealot x3  
  124  7:35  Probe, Phoenix  
  127  7:37  Photon Cannon  
  127  7:50  Protoss Ground Weapons Level 2 (Chrono Boost)  
  127  7:51  Gateway  
  127  7:52  Gateway  
  127  7:57  Immortal (Chrono Boost)  
  131  8:01  Gateway  
  131  8:07  Immortal (Chrono Boost)  
  135  8:14  Templar Archives  
  135  8:18  Pylon  
  135  8:19  Zealot x5  
  145  8:25  Probe x2  
  137  8:31  Warp Prism (Chrono Boost)  
  129  8:47  Warp Prism (Chrono Boost)  
  129  8:51  Nexus  
  129  8:54  Pylon x2, High Templar x4  
  139  8:58  Archon x2  
  139  9:08  Robotics Bay  
  139  9:14  Gateway x2  
  139  9:17  Gateway  
  139  9:27  High Templar x3  
  139  9:29  Zealot x3, High Templar  
  139  9:30  Zealot  
  155  9:33  Archon x2  
  153  9:41  Photon Cannon  
  153  9:42  Photon Cannon  
  153  9:44  Gateway  
  153  9:45  Gateway  
  151  9:47  Pylon  
  151  9:51  Zealot  
  153  9:53  Disruptor x2  
  159  10:12  Zealot x6  
  159  10:13  Zealot  
  167  10:33  Zealot x5  
  153  11:00  Zealot x2  
  153  11:01  Zealot  
  153  11:03  Immortal x2  
  131  11:04  Zealot  
  131  11:06  Zealot  
  117  11:20  High Templar x4  
  117  11:21  High Templar x4  
  117  11:25  Archon x3  
  130  11:26  Archon  
  130  11:28  Zealot x3  
  130  11:31  Assimilator  
  130  11:32  Zealot, Assimilator  
  134  11:43  Observer  
  129  11:50  Zealot x4  
  135  11:54  Zealot x2  
  135  11:55  Zealot x4  
  139  12:13  Zealot x6  
  139  12:14  Zealot  
  141  12:23  Zealot x3  
  141  12:27  Observer  
  141  12:29  Zealot  
  137  12:30  Zealot x2  
  97  12:44  Zealot x4  
  97  12:45  Zealot x3  
  97  12:51  High Templar x4  
  97  12:52  Zealot  
Show
View Real Time Build Order
Export as new Build Order

SortOf Zerg - Winner!

Build Orders: 3 Hatch before Pool, Lurkers 

Get SALT Encoding   

  12  0:00  Drone  
  13  0:12  Overlord  
  13  0:18  Drone  
  14  0:30  Drone  
  14  0:31  Drone  
  16  0:36  Drone  
  17  0:45  Drone  
  18  0:57  Hatchery  
  18  0:59  Drone  
  18  1:06  Drone  
  19  1:23  Hatchery  
  19  1:25  Drone  
  19  1:30  Drone  
  20  1:33  Extractor  
  19  1:43  Spawning Pool  
  19  1:47  Drone  
  19  1:52  Drone  
  20  2:01  Overlord  
  20  2:09  Drone  
  20  2:13  Drone  
  22  2:21  Drone  
  23  2:27  Drone  
  24  2:30  Queen x2  
  24  2:33  Zergling x2  
  24  2:36  Drone  
  30  2:39  Drone  
  30  2:43  Metabolic Boost  
  31  2:47  Drone  
  31  2:49  Drone  
  33  2:57  Zergling x2  
  33  2:58  Zergling x6  
  36  3:03  Overlord  
  37  3:09  Queen  
  37  3:11  Drone  
  37  3:12  Drone  
  41  3:21  Drone, Queen  
  41  3:25  Drone x2  
  46  3:27  Overlord  
  46  3:31  Drone  
  47  3:36  Evolution Chamber  
  47  3:38  Zergling x2  
  47  3:39  Overlord  
  47  3:41  Drone  
  47  3:42  Drone  
  47  3:45  Drone  
  47  3:48  Drone x2  
  52  3:50  Drone  
  52  3:52  Drone  
  54  3:56  Queen  
  54  3:58  Drone  
  57  4:04  Drone x2  
  59  4:11  Overlord  
  59  4:18  Zerg Ground Armor Level 1  
  59  4:19  Drone  
  59  4:21  Overlord, Extractor  
  59  4:22  Queen  
  62  4:24  Drone x2  
  62  4:30  Drone x2  
  62  4:31  Drone  
  66  4:36  Drone x2  
  66  4:39  Drone  
  66  4:41  Drone x3  
  69  4:47  Overlord, Roach Warren  
  69  4:49  Drone x5  
  72  4:52  Spore Crawler  
  72  4:56  Spore Crawler  
  72  4:58  Drone x2  
  71  5:02  Lair  
  71  5:04  Drone x5  
  75  5:10  Drone x2  
  75  5:14  Extractor  
  75  5:15  Extractor  
  75  5:16  Drone x3  
  77  5:23  Drone x3  
  77  5:25  Overlord, Extractor  
  79  5:28  Hatchery, Extractor  
  79  5:30  Spore Crawler, Drone  
  79  5:31  Drone x2  
  79  5:37  Drone x3  
  79  5:42  Roach x4  
  90  5:44  Overlord x2  
  90  5:47  Zergling x2  
  90  5:48  Zergling x6  
  93  5:53  Drone  
  93  5:55  Zergling x8  
  98  6:00  Glial Reconstitution  
  98  6:01  Overlord  
  98  6:02  Hydralisk Den  
  98  6:04  Ravager x3  
  100  6:06  Zergling x4  
  102  6:17  Roach x2, Zergling x6  
  102  6:18  Roach x2, Zergling x4  
  113  6:20  Zergling x2  
  113  6:23  Roach x2  
  113  6:26  Zergling x2  
  113  6:31  Roach x2  
  116  6:33  Zerg Ground Armor Level 2  
  116  6:36  Hydralisk  
  116  6:38  Queen  
  116  6:39  Overlord  
  119  6:43  Lurker Den  
  119  6:48  Evolution Chamber  
  119  6:49  Drone x2  
  119  6:52  Hatchery  
  119  7:00  Hydralisk x5  
  129  7:04  Overseer  
  129  7:06  Overlord  
  129  7:08  Overlord x2  
  129  7:09  Ravager  
  129  7:11  Overlord  
  130  7:17  Overlord  
  130  7:20  Overlord  
  130  7:25  Hydralisk x5, Zerg Melee Weapons Level 1  
  140  7:30  Hydralisk x2  
  140  7:36  Hydralisk x2  
  146  7:38  Drone x3  
  151  7:46  Hydralisk x3  
  151  7:48  Drone x2  
  151  7:49  Drone  
  160  7:53  Overlord  
  160  7:57  Drone x3  
  160  7:58  Drone  
  164  7:59  Overlord  
  164  8:01  Overlord  
  164  8:06  Infestation Pit  
  163  8:25  Drone x2  
  158  8:27  Drone x3  
  158  8:29  Zergling x2  
  158  8:32  Extractor x2  
  158  8:33  Spore Crawler  
  153  8:34  Drone x2  
  153  8:35  Drone x2  
  153  8:36  Spore Crawler  
  153  8:43  Hive  
  153  8:46  Hatchery  
  153  8:47  Lurker x7  
  159  8:51  Drone x2  
  159  8:52  Drone x2  
  159  8:53  Zergling x4  
  159  8:54  Zergling x14  
  159  8:55  Overseer  
  172  8:58  Overseer  
  172  9:00  Lurker  
  172  9:01  Lurker  
  174  9:08  Spore Crawler  
  174  9:09  Spore Crawler  
  172  9:10  Zerg Missile Weapons Level 1  
  172  9:11  Drone x4  
  176  9:22  Lurker x3  
  179  9:24  Zergling x22  
  179  9:28  Hatchery  
  188  9:36  Zergling x6  
  191  9:48  Zerg Melee Weapons Level 2  
  191  9:49  Overlord  
  191  9:50  Spire  
  191  9:51  Lurker  
  191  9:58  Zergling x4  
  191  9:59  Zergling x16  
  192  10:11  Adrenal Glands  
  192  10:15  Ultralisk Cavern  
  192  10:16  Zergling x18  
  192  10:19  Overseer  
  194  10:29  Hydralisk x3  
  194  10:31  Hydralisk  
  198  10:42  Spore Crawler x2  
  178  10:55  Zergling x6  
  178  10:56  Zergling x2  
  164  10:57  Zergling x34  
  160  11:05  Chitinous Plating  
  160  11:06  Greater Spire  
  160  11:09  Ultralisk x4, Zergling x2  
  178  11:17  Zergling x4  
  178  11:18  Zergling x4  
  182  11:25  Hydralisk  
  182  11:26  Hydralisk x6  
  182  11:29  Zergling x2  
  182  11:30  Hydralisk  
  184  11:47  Hydralisk x4  
  184  11:48  Hydralisk x4  
  184  11:54  Hydralisk x3  
  194  11:55  Zergling x2  
  194  11:59  Hydralisk x2  
  194  12:01  Hydralisk  
  191  12:05  Overseer  
  193  12:09  Zergling x2, Spine Crawler, Extractor  
  193  12:10  Spore Crawler, Extractor, Zergling x14  
  193  12:12  Zergling x2  
  195  12:18  Hydralisk x2  
  195  12:19  Hydralisk, Zergling x2  
  195  12:20  Zergling x6  
  200  12:23  Hydralisk  
  200  12:24  Hydralisk, Zergling x2  
  200  12:25  Zergling x2  
  200  12:32  Hydralisk x4  
  200  12:33  Hydralisk, Zergling x4  
  200  12:34  Zergling x2  

Tags
 
Add a new tag
Caveats
  • Supply blocks, unpowered buildings, or Contaminate may cause inaccurate times.
  • Supply counts are checked every 10 seconds.